AoeStats
← RIO1000

Four Lakes

507979835Analyzed
1v1 RM · 13d ago on Sep 20, 2026· 59m 6s· 2 players
Game mode
Random Map
Map size
Tiny (2 player)
Population
200
Speed
Normal
Resources
Standard
Victory
Conquest
Starting age
Dark Age
Ending age
Imperial Age
RankedLock teamsTeams togetherTeam positionsShared explorationLock speedFull tech treeHidden civsTurbo modeCheats
Victory
Defeat
🇨🇳 Wei · China
895
+15
🇲🇽 Chinese · Mexico
880
-15
RIO1000
0:32 Loom
10:11 Feudal Age
11:57 Double-Bit Axe
17:45 Castle Age
17:33 Fletching
17:44 Gold Mining
18:52 Bow Saw
18:16 Crossbowman
19:37 Gold Shaft Mining
21:49 Padded Archer Armor
22:16 Bodkin Arrow
24:00 Thumb Ring
23:42 Horse Collar
24:45 Ballistics
27:51 Leather Archer Armor
29:30 Wheelbarrow
29:06 Heavy Plow
29:29 Town Watch
33:42 Imperial Age
32:22 Hand Cart
33:50 Arbalester
35:43 Two-Man Saw
35:10 Bloodlines
36:03 Bracer
36:20 Light Cavalry
37:23 Husbandry
37:34 Scale Barding Armor
38:57 Ring Archer Armor
39:24 Chain Barding Armor
41:02 Plate Barding Armor
42:31 Cavalier
44:27 Chemistry
44:37 Forging
47:13 Iron Casting
49:19 Blast Furnace
海鸥
0:35 Loom
11:29 Feudal Age
15:20 Double-Bit Axe
17:49 Castle Age
17:34 Horse Collar
22:46 Stone Mining
25:00 Wheelbarrow
25:16 Heavy Plow
25:53 Bow Saw
28:58 Hand Cart
29:13 Gold Mining
33:27 Imperial Age
31:10 Town Watch
32:33 Ballistics
33:16 Fletching
33:26 Padded Archer Armor
33:24 Treadmill Crane
36:17 Elite Skirmisher
37:06 Thumb Ring
37:48 Bodkin Arrow
38:08 Leather Archer Armor
39:01 Bracer
41:17 Ring Archer Armor
43:01 Chemistry
42:21 Forging
42:16 Scale Barding Armor
42:37 Masonry
44:02 Conscription
43:44 Tuntian
44:14 Ming Guang Armor
44:44 Iron Casting
46:15 Elite Tiger Cavalry
47:58 Blast Furnace
47:57 Gold Shaft Mining
48:01 Stone Shaft Mining
48:37 Husbandry
48:48 Bloodlines
49:32 Chain Barding Armor
50:12 Murder Holes
52:52 Hoardings
53:00 Crop Rotation
54:28 Light Cavalry
56:32 Hussar
Connection lost

Rejoining the realm…

Still unreachable

The connection could not be restored.

Session expired

The server has moved on; the page needs a fresh start.